 Dungeon Crawl Stone Soup version 0.18.1-50-g88ac8fd (webtiles) character file.

10 ololoev the Firebug (level 2, 0/15 HPs)
             Began as a Deep Elf Fire Elementalist on Nov 2, 2016.
             Slain by a quokka (2 damage)
             ... on level 2 of the Dungeon.
             The game lasted 00:01:46 (224 turns).

ololoev the Firebug (Deep Elf Fire Elementalist)     Turns: 224, Time: 00:01:46

Health: 0/15       AC:  2    Str:  5    XL:     2   Next: 10%
Magic:  1/8        EV: 13    Int: 19    God:
Gold:   26         SH:  0    Dex: 15    Spells: 1 memorised, 6 levels left

rFire  . . .     SeeInvis .     c - 3 bread rations
rCold  . . .     Gourm    .     a - +0 robe
rNeg   . . .     Faith    .     (no shield)
rPois  .         Spirit   .     (no helmet)
rElec  .         Dismiss  .     (no cloak)
rCorr  .         Reflect  .     (no gloves)
SustAt .         Harm     .     (no boots)
MR     .....                    (no amulet)
Stlth  ++........               (no ring)
                                (no ring)

@: not resistant to hostile enchantments, unstealthy
A: no striking features
a: no special abilities

Inventory:

Armour
 a - a +0 robe (worn)
Scrolls
 e - a scroll of remove curse {unknown}
 f - a scroll of identify {unknown}
Potions
 d - a potion of curing {unknown}
Books
 b - a book of Flames

   Spells                             Type                      Level
   a - Flame Tongue                   Conjuration/Fire             1
   b - Throw Flame                    Conjuration/Fire             2
   c - Conjure Flame                  Conjuration/Fire             3
   d - Inner Flame                    Hexes/Fire                   3
   e - Sticky Flame                   Conjuration/Fire             4
   f - Fireball                       Conjuration/Fire             5
Comestibles
 c - 3 bread rations (in hand)


   Skills:
 - Level 2.4 Dodging
 - Level 2.4 Stealth
 + Level 3.3 Spellcasting
 + Level 1.4 Conjurations
 + Level 3.6 Fire Magic


You had 6 spell levels left.
You knew the following spells:

 Your Spells              Type           Power        Failure   Level  Hunger
a - Flame Tongue          Conj/Fire      ##...        8%          1    None


You were on level 2 of the Dungeon.
You were not hungry.

You visited 1 branch of the dungeon, and saw 2 of its levels.

You collected 26 gold pieces.

#.# #.# .# #.# .# #.#
.#######
#####†###........
#............##.#
#....(.......##.# #
#............##.# ..
#####....######@#####..##
#.##.######r.........
####.##.......r.......##
........#........###....
#######.#...............
.................>.....#
####..............##.#.#
#....†.........##.#
######............=....#

Notes
Turn   | Place    | Note
--------------------------------------------------------------
     0 | D:1      | ololoev the Deep Elf Fire Elementalist began the quest for the Orb.
     0 | D:1      | Reached XP level 1. HP: 10/10 MP: 6/6
   186 | D:2      | Found a sparkling altar of Nemelex Xobeh.
   192 | D:2      | Reached XP level 2. HP: 15/15 MP: 1/8
   224 | D:2      | Slain by a quokka

Dungeon Overview and Level Annotations

Branches:
Dungeon (2/15)

Altars:
Nemelex Xobeh


Message History

Casting: Flame Tongue
Confirm with . or Enter, or press ? or * to list all spells.
Aiming: Flame Tongue
Press: ? - help, Shift-Dir - straight line, f/p - worm
Aim: a worm (moderately wounded)
The flame tongue hits the worm.
The worm is heavily wounded.
A quokka comes into view.
Casting: Flame Tongue
Confirm with . or Enter, or press ? or * to list all spells.
Aiming: Flame Tongue
Press: ? - help, Shift-Dir - straight line, f/p - worm
Aim: a worm (moderately wounded)
The flame tongue misses the worm.
Casting: Flame Tongue
Confirm with . or Enter, or press ? or * to list all spells.
Aiming: Flame Tongue
Press: ? - help, Shift-Dir - straight line, f/p - worm
Aim: a worm (moderately wounded)
The flame tongue hits the worm.
The worm is almost dead.
Casting: Flame Tongue
Confirm with . or Enter, or press ? or * to list all spells.
Aiming: Flame Tongue
Press: ? - help, Shift-Dir - straight line, f/p - worm
Aim: a worm (almost dead)
The flame tongue hits the worm.
You kill the worm!
You have reached level 2!
You see here a bread ration.
c - 2 bread rations (gained 1)
Casting: Flame Tongue
Confirm with . or Enter, or press ? or * to list all spells.
Aiming: Flame Tongue
Press: ? - help, Shift-Dir - straight line, f - quokka
Aim: a quokka The flame tongue misses the quokka.
Casting: Flame Tongue
Confirm with . or Enter, or press ? or * to list all spells.
Aiming: Flame Tongue
Press: ? - help, Shift-Dir - straight line, f/p - quokka
Aim: a quokka The flame tongue hits the quokka.
The quokka is lightly wounded.
The quokka bites you but does no damage.
The quokka barely misses you. The quokka misses you. The quokka bites you.
Found a stone staircase leading down.
You see here a bread ration.
c - 3 bread rations (gained 1)
The quokka bites you. x2
Casting: Flame Tongue
Confirm with . or Enter, or press ? or * to list all spells.
Aiming: Flame Tongue
Press: ? - help, Shift-Dir - straight line, f/p - quokka
Aim: a quokka The flame tongue hits the quokka.
The quokka is almost dead.
The quokka bites you. The quokka bites you.
You see here 15 gold pieces.
You now have 26 gold pieces (gained 15).
The quokka bites you. The quokka barely misses you.
You see here 16 gold pieces.
The quokka bites you.
You see here a tubular marble ring.
Casting: Flame Tongue
Confirm with . or Enter, or press ? or * to list all spells.
Aiming: Flame Tongue
Press: ? - help, Shift-Dir - straight line, f/p - quokka
Aim: a quokka (severely wounded)
The flame tongue hits the quokka.
The quokka appears unharmed.
The quokka is severely wounded.
The quokka misses you.
A rat comes into view.
The quokka bites you.
The rat twitches its whiskers.
The quokka bites you.
You die...

You could see a quokka and a rat.

Vanquished Creatures
  A worm (D:2)
  A giant gecko (D:1)
  A goblin (D:1)
  A hobgoblin (D:1)
  A bat (D:2)
  A kobold (D:1)
  A rat (D:1)
7 creatures vanquished.

Action                   || total
-------------------------++-------
 Cast: Flame Tongue      ||    19
Armor: Robe              ||     1
Dodge: Dodged            ||     9

Vault maps used:
D:1:      sevenhm_arrival_forest_fort_large_2, minmay_misc_feat_ornament
D:2:      lemuel_crystal_altar, roderic_st_hans_cross
